[Event "10th Iberoamericano-ch 2024"]
[Site "Linares"]
[Date "2024.09.30"]
[Round "8.30"]
[White "Teran Alvarez, Ismael"]
[Black "Atienza Alvarez, Javier"]
[Result "1-0"]
[ECO "C11"]
[WhiteElo "2329"]
[BlackElo "2119"]
[Annotator "RC"]
[PlyCount "59"]
[EventDate "2024.09.25"]
[EventType "swiss"]
[EventCountry "ESP"]
[SourceTitle "playchess.com"]
[Source "ChessBase"]
[SourceQuality "1"]
[TimeControl "5400+30"]

1. e4 e6 2. d4 d5 3. Nc3 Nf6 4. e5 Nfd7 5. f4 c5 6. Nf3 Nc6 7. Be3 a6 8. a3 b5 9. Bd3 Qb6 10. O-O Bb7 11. Bf2 h6 12. Qd2 Be7 13. dxc5 Bxc5 14. b4 Bxf2+ 15. Rxf2 O-O 16. Re1 f6 17. exf6 Rxf6 18. f5 d4 19. Ne4 Rxf5 20. Nc5 Nxc5 21. Bxf5 exf5 22. bxc5 Qxc5 23. Qe2 Rf8 24. Qe6+ Kh7 25. Nh4 Rf6 26. Qd7 Qc3 27. Ref1 Na5 28. Rxf5 Qe3+ 29. Kh1 Bc8 30. Qxc8 1-0

[Event "10th Iberoamericano-ch 2024"]
[Site "Linares"]
[Date "2024.09.30"]
[Round "8.31"]
[White "Ruiz Buendia, Miguel"]
[Black "Domingo Nunez, Alejandro"]
[Result "1/2-1/2"]
[ECO "C92"]
[WhiteElo "2269"]
[BlackElo "2328"]
[Annotator "RC"]
[PlyCount "187"]
[EventDate "2024.09.25"]
[EventType "swiss"]
[EventCountry "ESP"]
[SourceTitle "playchess.com"]
[Source "ChessBase"]
[SourceQuality "1"]
[TimeControl "5400+30"]

1. e4 e5 2. Nf3 Nc6 3. Bb5 a6 4. Ba4 Nf6 5. O-O Be7 6. Re1 b5 7. Bb3 d6 8. c3 O-O 9. h3 Nd7 10. d4 Nb6 11. Nbd2 Bf6 12. d5 Ne7 13. c4 Nd7 14. Bc2 c5 15. dxc6 Nxc6 16. cxb5 axb5 17. Nf1 Nc5 18. Ne3 Nb4 19. Nd5 Nxd5 20. exd5 Bb7 21. Nh2 g6 22. Be3 Bg7 23. Qd2 Qd7 24. b4 Na4 25. Bb3 f5 26. f4 e4 27. Bd4 Bxd4+ 28. Qxd4 Qg7 29. Qxg7+ Kxg7 30. Rac1 Rfc8 31. Rxc8 Rxc8 32. Nf3 Nc3 33. Nd4 Bxd5 34. Rc1 Bxb3 35. axb3 Kf6 36. Kf2 Rc7 37. Ne2 Nd5 38. Rd1 Nxb4 39. Rxd6+ Ke7 40. Rb6 Nd5 41. Rxb5 Kd6 42. Rb8 Kc5 43. g4 Rf7 44. Rc8+ Kb4 45. Rb8+ Ka3 46. Rb5 Rd7 47. gxf5 gxf5 48. h4 Kb2 49. Ng3 Kc2 50. Nxf5 Kd2 51. Ng3 Kd3 52. f5 Nf6 53. Rb6 Ng4+ 54. Kg2 Ke3 55. Nf1+ Kf4 56. f6 Rc7 57. Rd6 Ke5 58. Rd2 Nxf6 59. Ne3 Kf4 60. Nc4 Ng4 61. Rd4 Rg7 62. Rd8 Ne3+ 63. Kf2 Rg2+ 64. Ke1 Nxc4 65. bxc4 Ke3 66. Kf1 Rh2 67. c5 Rxh4 68. Rh8 Rh1+ 69. Kg2 Rh6 70. Kf1 Rh1+ 71. Kg2 Rc1 72. Rxh7 Rxc5 73. Ra7 Rc2+ 74. Kg3 Ke2 75. Ra1 e3 76. Kg2 Rd2 77. Kg3 Rd8 78. Ra2+ Rd2 79. Ra1 Rc2 80. Kg2 Kd3+ 81. Kf3 Rf2+ 82. Kg3 Rc2 83. Kf3 Kd2 84. Kg2 Rc1 85. Ra2+ Rc2 86. Ra1 Rb2 87. Kf3 e2 88. Kf2 Rc2 89. Re1 Kd3 90. Ra1 Rb2 91. Ke1 Rb3 92. Rc1 Ra3 93. Rb1 Ke3 94. Rb3+ 1/2-1/2

[Event "10th Iberoamericano-ch 2024"]
[Site "Linares"]
[Date "2024.09.30"]
[Round "8.32"]
[White "Prado Acebo, Ines"]
[Black "Ticona Rocabado, Licael Roderick"]
[Result "0-1"]
[ECO "C02"]
[WhiteElo "2189"]
[BlackElo "2321"]
[Annotator "RC"]
[PlyCount "56"]
[EventDate "2024.09.25"]
[EventType "swiss"]
[EventCountry "ESP"]
[SourceTitle "playchess.com"]
[Source "ChessBase"]
[SourceQuality "1"]
[TimeControl "5400+30"]

1. e4 e6 2. d4 d5 3. e5 c5 4. c3 Qb6 5. Nf3 Nc6 6. Bd3 cxd4 7. O-O Bd7 8. Re1 a6 9. Nbd2 dxc3 10. bxc3 Bc5 11. Qe2 Na5 12. c4 dxc4 13. Bxc4 Bc6 14. Ng5 Rd8 15. Rb1 Qc7 16. Bd3 Qd7 17. Bc2 Bb5 18. Qf3 Nc6 19. a4 Nd4 20. Qc3 Nxc2 21. Qxc5 Rc8 22. Qb6 Nxe1 23. Nge4 Qc6 24. Qe3 Bd3 25. Rxb7 Rd8 26. Nd6+ Rxd6 27. Rb8+ Rd8 28. Rxd8+ Kxd8 0-1

[Event "10th Iberoamericano-ch 2024"]
[Site "Linares"]
[Date "2024.09.30"]
[Round "8.33"]
[White "Suarez Gomez, Paula"]
[Black "Blanco Acevedo, Cristobal Jose"]
[Result "1/2-1/2"]
[ECO "B33"]
[WhiteElo "2111"]
[BlackElo "2301"]
[Annotator "RC"]
[PlyCount "205"]
[EventDate "2024.09.25"]
[EventType "swiss"]
[EventCountry "ESP"]
[SourceTitle "playchess.com"]
[Source "ChessBase"]
[SourceQuality "1"]
[TimeControl "5400+30"]

1. e4 c5 2. Nf3 Nc6 3. d4 cxd4 4. Nxd4 Nf6 5. Nc3 e5 6. Ndb5 d6 7. Nd5 Nxd5 8. exd5 Ne7 9. c4 Nf5 10. Bd3 g6 11. O-O Bg7 12. Qa4 O-O 13. Qa3 a6 14. Bxf5 axb5 15. Qxa8 gxf5 16. Qa7 f4 17. f3 bxc4 18. Bd2 f5 19. Rac1 b5 20. a4 Rf7 21. Qa5 Qxa5 22. Bxa5 Ra7 23. Bb4 bxa4 24. Rfe1 Ba6 25. Bxd6 e4 26. Rc2 Rd7 27. Bxf4 Rxd5 28. fxe4 fxe4 29. Rxe4 c3 30. Rxa4 Bd4+ 31. Rxd4 Rxd4 32. Bc1 Rd1+ 33. Kf2 cxb2 34. Bxb2 Rd7 35. g4 Kf7 36. Kg3 Bd3 37. Rf2+ Kg8 38. Bc1 Rf7 39. Rd2 Rd7 40. Rf2 Kg7 41. Bb2+ Kg8 42. h4 Rf7 43. Rd2 Rd7 44. h5 Rd5 45. Rf2 Rd7 46. Kh4 Rf7 47. Rd2 Rf3 48. Kg5 Re3 49. Bd4 Rf3 50. Bc5 Kf7 51. Rb2 Ke6 52. Bd4 Rg3 53. Kf4 Rh3 54. Rf2 Rh1 55. Kg5 Rf1 56. Ra2 Rb1 57. Kh6 Rb4 58. Be3 Rxg4 59. Rf2 Rg3 60. Bg5 Rh3 61. Rf6+ Ke5 62. Rb6 Kf5 63. Be7 Ke5 64. Bd8 Be4 65. Kg5 Bf3 66. Bc7+ Ke4 67. Rb4+ Kd5 68. Kf6 Bxh5 69. Bf4 Be2 70. Bg5 h5 71. Bh4 Rf3+ 72. Kg5 Rf8 73. Bg3 Rg8+ 74. Kh4 Ra8 75. Rf4 Ra2 76. Kg5 Ra1 77. Kh4 Rh1+ 78. Kg5 Rh3 79. Bh4 Bg4 80. Rf8 Rh1 81. Bg3 Rg1 82. Kh4 Ke4 83. Rf4+ Kd3 84. Rf8 Rh1+ 85. Kg5 Ke2 86. Rf2+ Ke3 87. Rf8 Rb1 88. Kh4 Rb4 89. Rf2 Bf3+ 90. Kh3 Rb1 91. Ra2 Be2 92. Ra3+ Bd3 93. Kh4 Rh1+ 94. Kg5 Kd2 95. Ra2+ Ke3 96. Rh2 Rg1 97. Kh4 Ke4 98. Rf2 Ke3 99. Rh2 Ke4 100. Rf2 Kd5 101. Bh2 Rf1 102. Rxf1 Bxf1 103. Kxh5 1/2-1/2

[Event "10th Iberoamericano-ch 2024"]
[Site "Linares"]
[Date "2024.09.30"]
[Round "8.34"]
[White "Jodorcovsky Werjivker, Paulo"]
[Black "Leyva, Hector"]
[Result "0-1"]
[ECO "A41"]
[WhiteElo "2092"]
[BlackElo "2296"]
[Annotator "RC"]
[PlyCount "121"]
[EventDate "2024.09.25"]
[EventType "swiss"]
[EventCountry "ESP"]
[SourceTitle "playchess.com"]
[Source "ChessBase"]
[SourceQuality "1"]
[TimeControl "5400+30"]

1. d4 d6 2. Nf3 g6 3. g3 Bg7 4. Bg2 Nd7 5. O-O e5 6. dxe5 Nxe5 7. Nxe5 Bxe5 8. c4 Ne7 9. Nc3 Bg7 10. Bg5 h6 11. Bd2 O-O 12. Qc1 Kh7 13. Nd5 c6 14. Nxe7 Qxe7 15. Re1 Be6 16. Bc3 Be5 17. f4 Bxc3 18. Qxc3 d5 19. cxd5 cxd5 20. Qd4 Rfc8 21. Rac1 Rc4 22. Qf2 Rac8 23. Rxc4 Rxc4 24. b3 Rc5 25. Qd4 b6 26. Bf3 Rc2 27. a4 Qc5 28. Rd1 Rc1 29. Kg2 Rxd1 30. Qxd1 d4 31. Be4 Qc3 32. Bc2 Qe3 33. Bd3 Bd5+ 34. Kf1 h5 35. f5 h4 36. fxg6+ Kg7 37. Bc4 Be4 38. gxh4 Qh3+ 39. Ke1 Qxh4+ 40. Kd2 Qf4+ 41. Ke1 Qh4+ 42. Kd2 Qg5+ 43. Ke1 Qg1+ 44. Kd2 Qe3+ 45. Ke1 Bxg6 46. Bd3 Bh5 47. Qc2 Qg1+ 48. Kd2 Qg5+ 49. Kd1 Qg1+ 50. Kd2 Qxh2 51. Qc6 Qf4+ 52. Ke1 Qh4+ 53. Kd1 Qg5 54. Qd7 Qe3 55. Qb5 Bg6 56. Bxg6 fxg6 57. Qd7+ Kh6 58. Qf7 d3 59. Qf8+ Kh5 60. Qh8+ Kg4 61. Qc8+ 0-1

[Event "10th Iberoamericano-ch 2024"]
[Site "Linares"]
[Date "2024.09.30"]
[Round "8.35"]
[White "Buiza Prieto, Eihartze"]
[Black "Cabezas Solano, David Alejandro"]
[Result "1-0"]
[ECO "B54"]
[WhiteElo "2056"]
[BlackElo "2248"]
[Annotator "RC"]
[PlyCount "119"]
[EventDate "2024.09.25"]
[EventType "swiss"]
[EventCountry "ESP"]
[SourceTitle "playchess.com"]
[Source "ChessBase"]
[SourceQuality "1"]
[TimeControl "5400+30"]

1. e4 c5 2. Nf3 d6 3. d4 cxd4 4. Nxd4 Nf6 5. f3 e5 6. Nb3 d5 7. Bg5 d4 8. c3 Nc6 9. cxd4 exd4 10. Bb5 h6 11. Bxf6 Qxf6 12. Qxd4 Qg5 13. Bxc6+ bxc6 14. O-O Be7 15. f4 Qg6 16. Nc3 O-O 17. Qe3 Re8 18. Nc5 Rb8 19. b3 Qd6 20. N3a4 Rb5 21. Rfd1 Qc7 22. Rac1 g5 23. g3 Kh7 24. Kh1 Bg4 25. Rd2 Rd8 26. Rxd8 Qxd8 27. Nd3 Bf6 28. e5 Bg7 29. Nc3 Rb7 30. Nf2 Bf5 31. Rd1 Rd7 32. Rxd7 Qxd7 33. Nfe4 gxf4 34. gxf4 Kh8 35. Nd6 Bg6 36. Nce4 Qg4 37. Nf2 Qd7 38. Nfe4 Qg4 39. Nf2 Qd7 40. Qh3 f5 41. Qd3 h5 42. Qg3 Qe6 43. Qf3 Qd7 44. Nd3 Bf8 45. Nc5 Qd8 46. Ne6 Qe7 47. Nxf8 Qxf8 48. Qxc6 Kh7 49. Qc8 Qh6 50. Qb7+ Kg8 51. Qb8+ Kh7 52. Qxa7+ Kg8 53. Qa8+ Kg7 54. Qb7+ Kg8 55. Qc8+ Kg7 56. Qd7+ Kg8 57. Qd8+ Kg7 58. Qg5 Qh7 59. Qe7+ Kh6 60. Qxh7+ 1-0

[Event "10th Iberoamericano-ch 2024"]
[Site "Linares"]
[Date "2024.09.30"]
[Round "8.36"]
[White "Dias, Ivo Rodrigues"]
[Black "Rodriguez Redondo, Adhara"]
[Result "1-0"]
[ECO "C77"]
[WhiteElo "2077"]
[BlackElo "2184"]
[Annotator "RC"]
[PlyCount "101"]
[EventDate "2024.09.25"]
[EventType "swiss"]
[EventCountry "ESP"]
[SourceTitle "playchess.com"]
[Source "ChessBase"]
[SourceQuality "1"]
[TimeControl "5400+30"]

1. e4 e5 2. Nf3 Nc6 3. Bb5 a6 4. Ba4 Nf6 5. d3 b5 6. Bb3 Bc5 7. Nc3 d6 8. Nd5 h6 9. c3 O-O 10. Nxf6+ Qxf6 11. Bd5 Bd7 12. Rg1 Qg6 13. g4 Kh8 14. Nh4 Qf6 15. Nf5 Bxf5 16. gxf5 Qh4 17. Rg2 Ne7 18. Bxa8 Rxa8 19. Qf3 d5 20. Bd2 dxe4 21. Qxe4 Qxe4+ 22. dxe4 f6 23. O-O-O Nc6 24. Rdg1 Bf8 25. Bxh6 gxh6 26. Rg8+ Kh7 27. R1g7+ Bxg7 28. Rxa8 Na5 29. Rxa6 Nc4 30. Kc2 Bf8 31. Rxf6 Bd6 32. b3 Nb6 33. Kb2 Kg7 34. Rg6+ Kh7 35. Rg1 Nd7 36. f3 Nc5 37. Kc2 Be7 38. Rd1 Kg7 39. b4 Na6 40. Rd5 Kf6 41. Rxb5 Bd6 42. Kb3 Kg5 43. c4 Kf4 44. c5 Be7 45. Kc4 Kxf3 46. Kd5 Kf4 47. Rb7 h5 48. a3 h4 49. Ra7 Nb8 50. Rxc7 Bg5 51. b5 1-0

[Event "10th Iberoamericano-ch 2024"]
[Site "Linares"]
[Date "2024.09.30"]
[Round "8.37"]
[White "Portero Rubio, Martin"]
[Black "Rodriguez Lopez, Rafael"]
[Result "0-1"]
[ECO "C92"]
[WhiteElo "2043"]
[BlackElo "2162"]
[Annotator "RC"]
[PlyCount "104"]
[EventDate "2024.09.25"]
[EventType "swiss"]
[EventCountry "ESP"]
[SourceTitle "playchess.com"]
[Source "ChessBase"]
[SourceQuality "1"]
[TimeControl "5400+30"]

1. e4 e5 2. Nf3 Nc6 3. Bb5 a6 4. Ba4 Nf6 5. O-O Be7 6. Re1 b5 7. Bb3 d6 8. c3 O-O 9. h3 Bb7 10. d4 Re8 11. Ng5 Rf8 12. Nf3 h6 13. Nbd2 Re8 14. Nf1 Bf8 15. Ng3 Na5 16. Bc2 Nc4 17. b3 Nb6 18. a4 bxa4 19. bxa4 a5 20. Rb1 Bc6 21. d5 Bd7 22. Bb3 Bc8 23. Be3 Ba6 24. Nd2 Rb8 25. Bxb6 cxb6 26. Bc4 Bxc4 27. Nxc4 Qc7 28. Na3 g6 29. Nb5 Qb7 30. Nf1 Nd7 31. Ne3 Nc5 32. Nc4 Qd7 33. Qc2 Rec8 34. Rf1 f5 35. f3 f4 36. Kh2 Be7 37. Rg1 Rf8 38. g3 fxg3+ 39. Rxg3 Bg5 40. Kh1 Rf6 41. Rbg1 Kh7 42. Qg2 Nd3 43. h4 Rf4 44. Rh3 Nf2+ 45. Kh2 Nxh3 46. hxg5 Nxg1 47. Kxg1 Rbf8 48. Nd2 Qd8 49. gxh6 g5 50. Qh3 g4 51. Qh5 gxf3 52. Kf2 Rh4 0-1

[Event "10th Iberoamericano-ch 2024"]
[Site "Linares"]
[Date "2024.09.30"]
[Round "8.38"]
[White "Diaz Mino, Daniel"]
[Black "Gavarrete, Joel"]
[Result "1-0"]
[ECO "C26"]
[WhiteElo "2130"]
[BlackElo "2059"]
[Annotator "RC"]
[PlyCount "71"]
[EventDate "2024.09.25"]
[EventType "swiss"]
[EventCountry "ESP"]
[SourceTitle "playchess.com"]
[Source "ChessBase"]
[SourceQuality "1"]
[TimeControl "5400+30"]

1. e4 e5 2. Nc3 Nf6 3. d4 exd4 4. Qxd4 Nc6 5. Qd3 Bc5 6. Bf4 d6 7. Qd2 a6 8. O-O-O Be6 9. f3 O-O 10. g4 b5 11. Kb1 Ne5 12. Qg2 Nfd7 13. h4 c6 14. Bd2 b4 15. Na4 Qa5 16. b3 Nb6 17. Nxb6 Qxb6 18. f4 Nxg4 19. Nh3 Ne3 20. Bxe3 Bxh3 21. Rxh3 Bxe3 22. Rg3 Bxf4 23. Rxg7+ Kh8 24. Bc4 Rg8 25. Rg4 Qa7 26. Rg1 Rxg4 27. Qxg4 Be5 28. Rd1 Rg8 29. Qf3 Rg1 30. Bf1 a5 31. h5 h6 32. Rd3 a4 33. bxa4 Qe7 34. Qf2 Qh4 35. Rf3 f6 36. Qxh4 1-0

[Event "10th Iberoamericano-ch 2024"]
[Site "Linares"]
[Date "2024.09.30"]
[Round "8.39"]
[White "Gomez Carreno, Martin"]
[Black "Abrisqueta Zudaire, Leyre"]
[Result "1/2-1/2"]
[ECO "B40"]
[WhiteElo "2124"]
[BlackElo "2057"]
[Annotator "RC"]
[PlyCount "111"]
[EventDate "2024.09.25"]
[EventType "swiss"]
[EventCountry "ESP"]
[SourceTitle "playchess.com"]
[Source "ChessBase"]
[SourceQuality "1"]
[TimeControl "5400+30"]

1. e4 c5 2. Nc3 e6 3. Nf3 Nc6 4. d4 cxd4 5. Nxd4 Nf6 6. g3 Bb4 7. Bg2 O-O 8. O-O d6 9. Nde2 a6 10. a3 Bc5 11. b3 Rb8 12. Bb2 b5 13. Nf4 Bb7 14. Qd2 Qc7 15. Nxb5 Qe7 16. Nc3 Rfc8 17. Rad1 Rd8 18. h3 Ba7 19. Kh2 Ne5 20. Nd3 Bd4 21. Qe2 Rbc8 22. Na4 Bxb2 23. Naxb2 Nc6 24. Nf4 Qc7 25. Qe3 Ne5 26. Kg1 Qxc2 27. Na4 Nc4 28. bxc4 Qxa4 29. Rb1 Ba8 30. Rb4 Qa5 31. Rd1 Qe5 32. f3 h6 33. Qb6 g5 34. Ne2 h5 35. Qxa6 Qc5+ 36. Kf1 g4 37. Qb6 gxf3 38. Bxf3 Bxe4 39. Qxc5 Rxc5 40. Kf2 Bxf3 41. Kxf3 Nd7 42. Kg2 Ne5 43. Rb5 Rcc8 44. c5 Nc4 45. Rd3 dxc5 46. Rxd8+ Rxd8 47. Rxc5 Nxa3 48. Rxh5 Nc4 49. Rc5 Ne3+ 50. Kf3 Nf5 51. Nf4 Rb8 52. Rc3 Ne7 53. Re3 Nf5 54. Rc3 Ne7 55. Re3 Nf5 56. Rc3 1/2-1/2